Map: Abyssal Reef LE

Players

Railgan - Winner!

  • Race: Terran Terran
  • League: Grandmaster
  • Spawn Location: 5:00

Turtlechen

  • Race: Terran Terran
  • League: Master
  • Spawn Location: 11:00

VOD

Have the link to the VOD?

Description

Time

  • Played on: March 5, 2017, 9:31 a.m.
  • Length: 7:03
Show
View Real Time Build Order
Export as new Build Order

Railgan Terran - Winner!

Build Orders: Cyclone Opening 

Get SALT Encoding   

  12  0:00  SCV  
  13  0:13  SCV  
  14  0:17  Supply Depot  
  14  0:25  SCV  
  15  0:39  SCV  
  15  0:41  Barracks  
  16  0:48  Refinery  
  16  0:51  SCV  
  17  1:02  Refinery  
  17  1:03  SCV  
  18  1:15  SCV  
  19  1:28  Orbital Command  
  19  1:30  Reaper  
  20  1:33  Supply Depot  
  20  1:52  Factory  
  20  1:56  SCV  
  21  2:02  Reaper  
  22  2:08  SCV  
  22  2:12  Supply Depot  
  23  2:21  SCV  
  24  2:33  SCV  
  24  2:34  Reaper  
  24  2:36  Cyclone  
  29  2:42  Bunker  
  29  2:54  SCV  
  30  2:59  Supply Depot  
  30  3:01  Supply Depot  
  30  3:04  Barracks  
  29  3:06  Reaper  
  29  3:08  Cyclone, SCV  
  34  3:23  SCV  
  35  3:27  Supply Depot  
  35  3:42  Cyclone  
  38  3:53  Reaper  
  36  4:14  SCV  
  40  4:25  Reaper  
  40  4:26  SCV  
  40  4:28  Marine, Starport  
  43  4:35  Supply Depot x2  
  40  4:38  SCV  
  41  4:46  Marine  
  39  4:54  Liberator  
  36  5:05  Cyclone  
  36  5:06  Reaper x2  
  41  5:10  SCV  
  45  5:22  SCV  
  46  5:37  Cyclone  
  49  5:53  Liberator  
  49  6:09  Cyclone  
  55  6:12  Command Center  
Show
View Real Time Build Order
Export as new Build Order

Turtlechen Terran 

Build Orders: Cyclone Opening 

Get SALT Encoding   

  12  0:00  SCV  
  13  0:13  SCV  
  14  0:17  Supply Depot  
  14  0:24  Refinery  
  14  0:29  SCV  
  15  0:41  SCV  
  16  0:51  Barracks  
  16  0:53  SCV  
  17  1:00  Refinery  
  17  1:05  SCV  
  18  1:18  SCV  
  19  1:32  Supply Depot  
  19  1:39  Barracks Reactor, Factory  
  19  1:46  SCV  
  20  2:01  SCV  
  21  2:23  Marine  
  21  2:28  Cyclone x2  
  28  2:44  SCV  
  25  3:08  Cyclone  
  25  3:11  Cyclone  
  30  4:00  Cyclone  
  29  4:03  Cyclone  
  29  4:16  Orbital Command  
  29  4:24  Supply Depot  
  29  4:45  Cyclone  
  28  5:04  Cyclone  
  31  5:19  Cyclone  
  34  5:26  SCV  
  35  5:32  Supply Depot  
  35  5:51  Cyclone  
  35  5:53  SCV  
  39  6:05  SCV  
  40  6:16  Starport  
  40  6:17  SCV  
  41  6:36  SCV  
  40  6:48  SCV  
Tags
 
Add a new tag
Caveats
  • Supply blocks, unpowered buildings, or Contaminate may cause inaccurate times.
  • Supply counts are checked every 10 seconds.